 Dungeon Crawl Stone Soup version 0.23.0 (webtiles) character file.

Game seed: 3040054249719767475

1278 Lanoc the Slasher (level 8, -2/62 HPs)
             Began as a Demonspawn Monk on Feb 12, 2019.
             Was a Priest of Vehumet.
             Killed by divine providence
             ... invoked by an orc priest
              (13 damage)
             ... on level 6 of the Dungeon.
             The game lasted 00:15:17 (7146 turns).

Lanoc the Slasher (Demonspawn Monk)                 Turns: 7146, Time: 00:15:18

Health: -2/62      AC:  2    Str: 14    XL:     8   Next: 29%
Magic:  0/12       EV: 15    Int: 12    God:    Vehumet [***...]
Gold:   322        SH:  0    Dex: 15    Spells: 9/13 levels left

rFire    + . .     SeeInvis .   a - +1 falchion
rCold    . . .     Gourm    +   (no shield)
rNeg     . . .     Faith    .   b - +0 robe
rPois    .         Spirit   +   (no helmet)
rElec    .         Reflect  .   (no cloak)
rCorr    .         Harm     .   (no gloves)
MR       .....                  (no boots)
Stlth    ++........             s - amulet of the gourmand
HPRegen  0.20/turn              (no ring)
MPRegen  0.13/turn              (no ring)

@: slowed, very slow
A: talons 2, fire resistance 1, magic shield, flame cloud immunity
a: Renounce Religion


You were on level 6 of the Dungeon.
You worshipped Vehumet.
Vehumet was most pleased with you.
You were very full.

You visited 2 branches of the dungeon, and saw 7 of its levels.

You collected 322 gold pieces.

Inventory:

Hand Weapons
 a - a +1 falchion (weapon)
Armour
 b - a +0 robe (worn)
Jewellery
 s - an amulet of the gourmand (around neck)
Scrolls
 d - a scroll of enchant armour {unknown}
 e - 3 scrolls of remove curse
 i - a scroll of magic mapping {unknown}
 j - 2 scrolls of teleportation {unknown}
 k - 4 scrolls of enchant weapon
 n - 2 scrolls of amnesia {unknown}
 p - a scroll of immolation
 q - a scroll of blinking {unknown}
 r - a scroll of noise {unknown}
Potions
 f - 2 potions of magic
 l - a potion of agility
 m - 2 potions of curing
 t - a potion of lignification {unknown}
 u - a potion of berserk rage {unknown}
Comestibles
 c - 9 rations


   Skills:
 + Level 5.3 Fighting
 * Level 6.1 Long Blades
 - Level 2.0 Armour
 + Level 4.8 Dodging
 - Level 1.7 Stealth
 + Level 3.3 Spellcasting
 * Level 1.1 Conjurations


You had 9 spell levels left.
You knew the following spells:

 Your Spells              Type           Power        Failure   Level  Hunger
a - Freeze                Ice            #...         7%          1    #......
b - Conjure Flame         Conj/Fire      #.......     16%         3    ###....

Your spell library contained the following spells:

 Spells                   Type           Power        Failure   Level  Hunger
 Confusing Touch          Hex            #.....       24%         1    #......
 Confuse                  Hex            #.......     58%         3    ###....
 Gell's Gravitas          Tloc           #.........   58%         3    ###....
 Yara's Violent Unravell  Hex/Tmut       #.........   82%         5    ######.
 Petrify                  Tmut/Erth      #.......     94%         4    #####..
 Metabolic Englaciation   Hex/Ice        #.........   100%        5    ######.


Dungeon Overview and Level Annotations

Branches:
Dungeon (6/15)             Temple (1/1) D:5

Altars:
Ashenzari
Cheibriados
Fedhas
Gozag
Hepliaklqana
Kikubaaqudgha
Makhleb
Nemelex Xobeh
Okawaru
Qazlal
Sif Muna
Trog
Uskayaw
Vehumet
Wu Jian
Zin
The Shining One

Shops:
D:2 *   D:5 *


Innate Abilities, Weirdness & Mutations

You have razor-sharp toenails.
Your flesh is heat resistant. (rF+)
When hurt, damage is shared between your health and your magic reserves.
You are immune to clouds of flame.


Message History

The orc wizard hits you but does no damage.
The orc wizard hits you with a +0 dagger.
* * * LOW HITPOINT WARNING * * *
The orc wizard points at you and mumbles some strange words.
You resist with some effort.
The orc wizard points at you and mumbles some strange words.
The magic dart hits you.
* * * LOW HITPOINT WARNING * * *
The orc priest calls upon Beogh to heal the orc wizard.
The orc wizard's wounds heal themselves!
The orc wizard closely misses you.
The orc wizard gestures wildly while chanting.
The orc wizard blinks!
There is an escape hatch in the ceiling, spattered with blood here.
The orc wizard casts a spell.
The orc wizard blinks!
The orc hits you with a +0 hand axe.
* * * LOW HITPOINT WARNING * * *
The orc priest calls down the wrath of Beogh upon you.
Beogh smites you!
You die...

.......(.##.##......#
.###.#.####.#.....#.#.# .......#
#...........# ####.###
#####.###### #.#.# ####.#### #.#
....# .<......# #.# #...#
.###.##.# ##'## ... .###.##.#
##...## ... .##...#.# ##...@o##
### #.# .##.#.#.# ##....o..##
##.###.#
.##.....###.........####..>##.###
.##.......'...).o5..'.......÷....
......(.###..).§....####...##.###
####..### ##....o..## ##.###.#
#.## ##...o.## ### #.# #.#
##...## #.# #.# ##'## #####.#


You could see 2 orc priests, an orc wizard, a shadow imp and 2 orcs.

Vanquished Creatures
  An orc warrior (D:5)
  A phantom (D:5)
  3 ogres
  Blork the orc (D:6)
  2 bullfrogs (D:6)
  2 scorpions
  A crimson imp (D:5)
  3 orc priests
  2 hounds (D:5)
  2 orc wizards (D:5)
  A centaur skeleton (D:4)
  3 iguanas
  A worker ant (D:5)
  11 adders
  2 dart slugs
  5 leopard geckos
  11 orcs
  5 bats
  3 giant cockroaches
  7 goblins
  6 hobgoblins
  2 jackals (D:1)
  4 kobolds
  A ball python (D:2)
  6 frilled lizards
  A quokka zombie (D:5)
  4 rats
91 creatures vanquished.

Notes
Turn   | Place    | Note
-------+----------+-------------------------------------------
     0 | D:1      | Lanoc the Demonspawn Monk began the quest for the Orb.
     0 | D:1      | Reached XP level 1. HP: 18/18 MP: 1/1
   128 | D:1      | Gained mutation: You have sharp toenails. [demonic
                  | ancestry]
   128 | D:1      | Reached XP level 2. HP: 19/24 MP: 2/2
   401 | D:1      | Reached skill level 1 in Armour
   761 | D:2      | Reached skill level 3 in Long Blades
   761 | D:2      | Gained mutation: Your flesh is heat resistant. (rF+)
                  | [demonic ancestry]
   761 | D:2      | Reached XP level 3. HP: 16/29 MP: 3/3
   923 | D:2      | Found Gozag's Platinum Reserve.
   994 | D:2      | Found a glowing golden altar of the Shining One.
  1134 | D:2      | Found an opulent altar of Gozag.
  2144 | D:3      | Found a faded altar of an unknown god.
  2150 | D:3      | Became a worshipper of Vehumet
  2150 | D:3      | Reached * piety under Vehumet
  2150 | D:3      | Offered knowledge of Freeze by Vehumet.
  2150 | D:3      | Reached ** piety under Vehumet
  2153 | D:3      | Learned a level 1 spell: Freeze
  2173 | D:3      | Reached XP level 4. HP: 25/35 MP: 4/4
  2280 | D:3      | Offered knowledge of Magic Dart by Vehumet.
  2727 | D:3      | Offered knowledge of Inner Flame by Vehumet.
  3087 | D:3      | Reached *** piety under Vehumet
  3266 | D:3      | Gained mutation: You have razor-sharp toenails. [demonic
                  | ancestry]
  3266 | D:3      | Reached XP level 5. HP: 18/42 MP: 1/5
  3563 | D:4      | Noticed an ogre
  4136 | D:4      | Reached skill level 4 in Long Blades
  4136 | D:4      | Reached skill level 1 in Spellcasting
  4308 | D:4      | Reached XP level 6. HP: 33/48 MP: 1/7
  4655 | D:5      | Entered Level 5 of the Dungeon
  4669 | D:5      | Found a staircase to the Ecumenical Temple.
  4677 | Temple   | Entered the Ecumenical Temple
  4850 | D:5      | Found Jirusi's Elemental Accessories.
  5213 | D:5      | Offered knowledge of Conjure Flame by Vehumet.
  5482 | D:5      | Gained mutation: When hurt, damage is shared between your
                  | health and your magic reserves. [demonic ancestry]
  5482 | D:5      | Reached XP level 7. HP: 33/55 MP: 7/10
  5701 | D:5      | Reached skill level 5 in Long Blades
  6316 | D:5      | Reached skill level 5 in Fighting
  6425 | D:5      | Gained mutation: You are immune to clouds of flame.
                  | [demonic ancestry]
  6425 | D:5      | Reached XP level 8. HP: 5/62 MP: 0/12
  6748 | D:6      | Reached skill level 6 in Long Blades
  6790 | D:6      | Learned a level 3 spell: Conjure Flame
  6987 | D:6      | Noticed Blork the orc
  6996 | D:6      | Killed Blork the orc
  6996 | D:6      | Reached skill level 1 in Conjurations
  7146 | D:6      | Killed from afar by an orc priest

Skill      XL: |  1  2  3  4  5  6  7  8 |
---------------+-------------------------+-----
Armour         | 1 2 |  2.0
Dodging        | 3 4 |  4.8
Long Blades    | 3 4 5 6 |  6.1
Spellcasting   | 1 2 3 |  3.3
Fighting       | 4 5 |  5.3
Conjurations   | 1 |  1.1
Stealth        | |  1.7

Action                   |  1- 3 |  4- 6 |  7- 9 || total
-------------------------+-------+-------+-------++-------
Melee: Falchion          |    81 |   142 |    77 ||   300
       Kick              |    20 |    50 |    35 ||   105
 Cast: Freeze            |       |    29 |    19 ||    48
       Conjure Flame     |       |       |     3 ||     3
  Use: Potion            |       |     1 |     4 ||     5
       Scroll            |       |     6 |     1 ||     7
 Stab: Sleeping          |    12 |     2 |     2 ||    16
  Eat: Chunk             |     1 |    11 |    15 ||    27
       Ration            |     1 |       |       ||     1
Armor: Robe              |    10 |    12 |     4 ||    26
Dodge: Dodged            |    48 |   111 |    73 ||   232
       Rpst.: Falchion   |    18 |    37 |    29 ||    84
